Map: Deathaura LE

Players

SpeCial

  • Race: Terran Terran
  • Spawn Location: 11:00

Bunny - Winner!

  • Race: Terran Terran
  • Spawn Location: 5:00

Event: IEM Katowice 2021

VOD

Have the link to the VOD?

Description

Time

  • Played on: Feb. 23, 2021, 11:56 a.m.
  • Length: 28:06

All games in this series

Show
View Real Time Build Order
Export as new Build Order

SpeCial Terran 

Build Orders: Gas First Reaper Expand, Hellion Opening, Mech 

Get SALT Encoding   

  12  0:00  SCV  
  13  0:12  SCV  
  14  0:17  Supply Depot  
  14  0:24  SCV  
  15  0:29  Refinery  
  15  0:38  SCV  
  16  0:44  Barracks  
  16  0:50  SCV  
  17  1:03  SCV  
  18  1:15  SCV  
  19  1:31  Reaper, Orbital Command  
  20  1:45  Command Center  
  20  1:55  Factory  
  20  1:57  SCV  
  21  2:07  Barracks Reactor  
  21  2:09  SCV  
  21  2:12  Supply Depot  
  22  2:16  Refinery  
  22  2:21  SCV  
  23  2:33  SCV  
  24  2:44  Starport  
  24  2:46  Hellion x2  
  24  2:48  SCV  
  29  2:57  Orbital Command  
  29  3:00  SCV  
  30  3:07  Hellion  
  30  3:10  Hellion  
  34  3:13  SCV  
  35  3:20  Supply Depot, Orbital Command  
  35  3:25  SCV  
  36  3:29  Fusion Core  
  36  3:33  Hellion  
  38  3:36  Hellion  
  38  3:40  Barracks Tech Lab  
  38  3:41  SCV  
  41  3:45  Starport Tech Lab  
  41  3:48  SCV  
  42  3:49  Refinery  
  42  3:53  SCV  
  43  3:58  Supply Depot  
  43  4:00  SCV  
  44  4:05  SCV  
  42  4:12  SCV  
  43  4:19  Battlecruiser  
  43  4:23  SCV  
  50  4:24  SCV  
  50  4:25  Supply Depot  
  50  4:31  Cyclone  
  54  4:35  SCV  
  54  4:37  SCV, Refinery  
  56  4:40  Marine x2  
  58  4:48  SCV  
  58  4:49  SCV  
  58  4:52  Weapon Refit  
  60  5:00  SCV, Marine x2  
  60  5:01  SCV  
  60  5:02  Supply Depot  
  60  5:04  Cyclone  
  64  5:15  SCV  
  61  5:23  SCV  
  61  5:27  SCV  
  63  5:32  Battlecruiser  
  70  5:35  SCV  
  70  5:39  SCV  
  70  5:43  Siege Tank  
  70  5:44  Command Center  
  70  5:47  SCV  
  74  5:52  SCV  
  74  5:53  Marine x2  
  77  5:58  Supply Depot  
  77  6:01  SCV  
  77  6:03  Supply Depot  
  78  6:05  SCV  
  79  6:13  SCV  
  79  6:15  Marine x2, Siege Tank  
  83  6:20  Bunker  
  83  6:27  Supply Depot  
  83  6:28  SCV x2  
  85  6:36  Battlecruiser  
  91  6:41  SCV  
  92  6:53  SCV  
  90  6:56  Marine x2  
  90  7:00  Orbital Command  
  92  7:07  Siege Tank  
  93  7:09  SCV  
  93  7:10  SCV  
  93  7:14  Factory, Marine x2  
  93  7:15  Factory  
  97  7:22  SCV x2  
  99  7:28  SCV  
  100  7:34  SCV x2  
  101  7:39  Siege Tank  
  101  7:40  SCV  
  101  7:41  Engineering Bay  
  105  7:46  SCV x2  
  105  7:49  Battlecruiser  
  111  7:52  SCV  
  111  7:58  SCV, Refinery, Factory Tech Lab  
  113  7:59  Factory Reactor  
  113  8:01  SCV  
  113  8:05  SCV, Refinery  
  115  8:10  SCV  
  116  8:13  Armory x2  
  116  8:16  Sensor Tower  
  116  8:19  SCV  
  117  8:21  Missile Turret  
  117  8:23  SCV  
  118  8:28  Siege Tank  
  118  8:31  Siege Tank  
  118  8:33  SCV  
  125  8:37  Missile Turret  
  125  8:41  Supply Depot  
  125  8:42  Supply Depot  
  125  9:03  SCV x2, Hellion x2  
  125  9:04  Supply Depot, Siege Tank  
  129  9:12  Factory  
  129  9:13  Factory  
  128  9:22  Terran Vehicle Weapons Level 1  
  128  9:23  Terran Vehicle And Ship Armor Level 1  
  127  9:24  Hellion x2  
  127  9:25  Command Center  
  131  9:35  Supply Depot  
  131  9:36  Supply Depot, Siege Tank  
  131  9:37  Supply Depot  
  134  9:39  Siege Tank  
  133  9:46  Hellion x2  
  133  9:49  SCV x3  
  140  9:54  Supply Depot  
  135  10:01  SCV x2  
  135  10:02  SCV  
  135  10:06  Factory Reactor, Factory Tech Lab  
  138  10:07  Hellion x2  
  138  10:08  Sensor Tower, Missile Turret  
  138  10:10  Missile Turret  
  138  10:13  SCV, Siege Tank x2  
  149  10:18  Infernal Pre-Igniter  
  149  10:25  SCV  
  150  10:28  Hellion x2  
  153  10:37  Siege Tank  
  153  10:40  SCV x3, Missile Turret  
  153  10:41  Missile Turret  
  159  10:44  Missile Turret  
  165  10:50  Hellion x4  
  165  10:54  Siege Tank  
  162  11:05  Missile Turret  
  164  11:11  Hellion  
  164  11:14  Hellion, Factory, Siege Tank x2  
  164  11:15  Factory  
  172  11:19  Refinery  
  172  11:20  Refinery  
  162  11:28  Hellion x2, SCV  
  152  11:34  Hellion  
  152  11:35  Hellion  
  152  11:39  SCV  
  143  11:45  Command Center  
  143  11:46  Hellion, Siege Tank x2  
  150  11:49  Hellbat  
  150  11:50  Mag-Field Accelerator  
  150  11:53  Terran Vehicle Weapons Level 2  
  152  11:56  Cyclone  
  152  11:59  Missile Turret  
  155  12:02  SCV  
  155  12:04  SCV  
  157  12:11  Hellion  
  159  12:18  Hellion, Cyclone  
  159  12:19  Hellion, Siege Tank  
  159  12:22  SCV x2  
  171  12:23  SCV  
  171  12:28  Siege Tank  
  171  12:29  Factory Tech Lab x2  
  175  12:34  SCV  
  175  12:35  SCV  
  175  12:42  Hellion x3  
  181  12:48  Terran Vehicle And Ship Armor Level 2  
  181  12:55  Supply Depot  
  181  12:56  Supply Depot  
  181  12:57  Hellion, Cyclone  
  186  12:59  Refinery  
  186  13:00  Sensor Tower  
  186  13:01  Refinery  
  186  13:08  Hellion x3  
  192  13:13  Cyclone  
  185  13:28  Planetary Fortress  
  185  13:29  Missile Turret  
  185  13:32  Cyclone x3  
  188  13:35  Cyclone  
  191  13:56  Thor  
  188  14:07  Hellion x2  
  177  14:11  Thor x3  
  195  14:18  Command Center  
  195  14:22  Terran Vehicle Weapons Level 3  
  197  14:38  Widow Mine  
  197  14:39  Widow Mine  
  197  14:40  Drilling Claws  
  194  15:07  Hellion  
  194  15:12  Hellion x2  
  170  15:15  Missile Turret  
  170  15:16  Command Center  
  170  15:17  Hellion x2, Siege Tank  
  176  15:26  Hellion, Siege Tank x2  
  184  15:29  Hellion  
  184  15:38  Hellion x2, Siege Tank  
  191  15:44  Hellion  
  191  15:47  Siege Tank  
  191  15:49  Siege Tank  
  199  15:54  Smart Servos  
  199  15:55  Terran Vehicle And Ship Armor Level 3  
  199  15:58  Sensor Tower  
  199  16:01  Command Center  
  199  16:04  Missile Turret  
  192  16:20  Hellion  
  192  16:23  Siege Tank  
  197  16:28  Siege Tank  
  200  16:37  Planetary Fortress  
  200  16:44  Widow Mine  
  194  17:08  Hellion x2, Siege Tank  
  192  17:10  Hellion, Cyclone  
  189  17:25  Siege Tank x2  
  189  17:26  Hellion x2  
  189  17:29  Hellion, Planetary Fortress  
  197  17:31  Refinery, Missile Turret  
  197  17:32  Refinery, Missile Turret  
  197  17:34  Widow Mine  
  199  17:41  Starport  
  199  17:42  Orbital Command  
  199  17:43  Command Center, Starport  
  197  17:56  Widow Mine  
  199  18:07  Hi-Sec Auto Tracking  
  199  18:10  Missile Turret  
  198  18:14  Missile Turret  
  198  18:16  Missile Turret  
  192  18:20  Missile Turret  
  192  18:21  Cyclone x2, Missile Turret  
  192  18:22  Missile Turret  
  192  18:24  Starport Reactor  
  192  18:25  Starport Reactor, Starport  
  198  18:29  Starport  
  198  18:35  Sensor Tower  
  198  18:39  Missile Turret  
  198  18:42  Refinery x2  
  198  18:43  Missile Turret  
  195  18:58  Orbital Command  
  187  19:04  Neosteel Armor, Viking x4  
  187  19:06  Starport Tech Lab x2  
  193  19:23  Widow Mine x3  
  186  19:25  Siege Tank  
  186  19:26  Siege Tank  
  186  19:29  Hellion x3  
  186  19:30  Raven x2  
  188  19:40  SCV x5  
  186  19:48  Command Center  
  186  19:49  Viking x2  
  186  19:52  SCV  
  191  19:53  SCV  
  191  19:58  Sensor Tower  
  193  20:00  SCV  
  193  20:02  SCV  
  193  20:05  Missile Turret  
  193  20:06  SCV  
  195  20:10  Siege Tank  
  195  20:12  Raven  
  200  20:37  Missile Turret x2  
  200  20:39  Missile Turret  
  195  20:50  Widow Mine x2  
  195  20:51  Siege Tank  
  195  20:55  Banshee  
  195  20:56  Siege Tank x2  
  197  20:57  Hellion x2  
  197  20:59  Corvid Reactor  
  199  21:06  Missile Turret  
  195  21:30  Thor  
  199  21:46  Terran Ship Weapons Level 1  
  199  22:04  Unknown x2  
  195  22:16  Raven, Viking x2  
  195  22:20  Thor  
  186  22:30  Thor x2  
  186  22:34  Widow Mine  
  196  22:37  Raven, Viking  
  196  22:41  Orbital Command  
  196  22:42  Planetary Fortress  
  200  22:46  Missile Turret x2  
  200  22:47  Missile Turret  
  200  22:48  Missile Turret  
  200  22:49  Missile Turret  
  200  22:59  Command Center  
  200  23:02  Command Center  
  200  23:28  Sensor Tower  
  200  23:41  Command Center  
  200  24:00  Command Center  
  200  24:02  Command Center  
  185  24:22  Thor x4  
  199  24:24  Hellion  
  199  24:34  Cyclone  
  199  24:36  Viking  
  199  24:37  Viking x2  
  192  25:00  Hellion  
  192  25:05  Thor x3, Cyclone  
  182  25:15  Cyclone  
  137  25:37  Cyclone  
  125  25:47  Cyclone  
  125  25:48  Cyclone x3  
  132  25:50  Hellion x2  
  132  25:55  Hellion  
  133  26:08  Raven x2  
  133  26:09  Cyclone  
  144  26:11  Widow Mine x2  
  144  26:14  Widow Mine  
  144  26:16  Starport Tech Lab  
  144  26:17  Starport Tech Lab  
  146  26:19  Widow Mine  
  146  26:22  Widow Mine  
  150  26:27  Orbital Command  
  150  26:29  Orbital Command  
  150  26:33  Widow Mine  
  150  26:34  Widow Mine  
  150  26:35  Raven  
  156  26:42  Planetary Fortress  
  156  26:44  Widow Mine, Missile Turret  
  156  26:49  Cyclone  
  156  26:51  Raven  
  156  26:52  Raven  
  163  26:55  Raven  
  163  26:57  Widow Mine  
  160  27:12  Thor  
  160  27:13  Thor  
  160  27:15  Hellion  
  157  27:17  Orbital Command  
  157  27:21  Thor  
Show
View Real Time Build Order
Export as new Build Order

Bunny Terran - Winner!

Build Orders: Reaper Expand 

Get SALT Encoding   

  12  0:00  SCV  
  13  0:12  SCV  
  14  0:16  Supply Depot  
  14  0:24  SCV  
  15  0:38  SCV  
  15  0:39  Barracks  
  16  0:43  Refinery  
  16  0:50  SCV  
  17  1:02  SCV  
  18  1:14  SCV  
  19  1:26  Reaper, Orbital Command  
  20  1:38  Command Center  
  20  1:47  Supply Depot  
  20  1:51  SCV  
  21  1:58  Marine  
  22  2:03  SCV  
  22  2:05  Factory  
  23  2:09  Refinery  
  23  2:15  SCV  
  23  2:20  Barracks Reactor  
  23  2:21  Bunker  
  24  2:28  SCV  
  25  2:40  SCV  
  26  2:49  Hellion, Starport  
  26  2:50  Orbital Command  
  28  2:53  SCV  
  28  2:56  Marine  
  28  2:57  Marine  
  31  3:05  SCV  
  32  3:10  Factory Tech Lab  
  32  3:14  Marine  
  32  3:15  Marine  
  32  3:16  SCV  
  32  3:17  SCV  
  36  3:20  Refinery  
  36  3:26  Starport Tech Lab  
  36  3:28  SCV  
  36  3:29  SCV  
  36  3:30  Cyclone  
  36  3:34  Supply Depot  
  41  3:37  Marine  
  41  3:40  SCV  
  44  3:41  SCV  
  44  3:46  Supply Depot  
  45  3:49  Raven  
  48  3:55  SCV x2  
  48  3:57  Marine  
  48  3:58  Marine  
  46  4:10  Siege Tank  
  46  4:11  SCV x2  
  46  4:15  Marine x2  
  53  4:20  Supply Depot  
  53  4:23  SCV  
  53  4:24  SCV  
  55  4:31  Refinery  
  55  4:34  Raven, Marine x2  
  55  4:35  SCV  
  55  4:36  SCV  
  55  4:37  Supply Depot  
  61  4:47  SCV  
  61  4:48  SCV  
  63  4:52  Command Center  
  63  4:56  Siege Tank  
  63  4:59  Marine x2  
  67  5:02  SCV x2  
  70  5:08  Supply Depot  
  70  5:17  SCV x2  
  69  5:22  Supply Depot  
  69  5:28  Siege Tank  
  72  5:29  Viking  
  72  5:30  Viking  
  72  5:31  Stimpack, Marine  
  77  5:36  Supply Depot  
  77  5:37  SCV x2  
  76  5:58  SCV x2  
  76  5:59  Viking  
  76  6:00  Marine, Viking  
  86  6:05  Cyclone, Mag-Field Accelerator  
  86  6:08  Supply Depot  
  86  6:16  Orbital Command  
  86  6:18  Barracks, Marine  
  87  6:19  SCV x2  
  87  6:20  Barracks  
  89  6:29  Viking  
  89  6:30  Viking  
  91  6:33  Engineering Bay  
  91  6:37  Cyclone  
  94  6:41  Orbital Command  
  94  6:49  Marine  
  94  6:53  SCV x2  
  91  6:59  Terran Infantry Weapons Level 1  
  91  7:07  Viking x2  
  91  7:08  Barracks  
  95  7:09  Barracks  
  95  7:12  Combat Shield  
  95  7:13  Barracks Tech Lab  
  92  7:18  SCV  
  92  7:19  SCV x2  
  93  7:26  Barracks Tech Lab  
  93  7:27  Marauder  
  95  7:30  SCV, Engineering Bay  
  95  7:31  SCV x2  
  95  7:33  Siege Tank  
  101  7:43  SCV x3  
  104  7:44  Medivac x2  
  104  7:46  Refinery  
  104  7:47  Refinery  
  108  7:55  SCV x3  
  108  7:58  Marauder x2  
  115  7:59  Marauder  
  115  8:05  Siege Tank  
  117  8:06  Command Center  
  117  8:08  Barracks Reactor  
  117  8:09  Concussive Shells  
  117  8:10  SCV x3  
  117  8:11  Barracks Tech Lab  
  116  8:13  Supply Depot  
  116  8:18  Viking x2  
  118  8:23  SCV x3  
  118  8:25  Marauder  
  121  8:27  Marauder  
  121  8:30  Terran Infantry Armor Level 1  
  123  8:35  SCV x2  
  125  8:44  SCV  
  125  8:47  SCV x2  
  125  8:48  Medivac x2  
  130  8:50  Supply Depot  
  130  8:52  Supply Depot  
  132  9:02  Marine  
  133  9:11  Marine, Supply Depot  
  133  9:12  Marauder x3, Supply Depot x2, Armory  
  133  9:13  Marauder  
  142  9:18  Medivac x2  
  142  9:20  Orbital Command  
  142  9:21  SCV x3  
  149  9:24  Marine  
  149  9:29  Marine  
  149  9:31  Siege Tank  
  154  9:33  Marauder  
  156  9:42  Marine  
  156  9:43  Marauder x3  
  163  9:47  Marine  
  164  9:53  SCV x4  
  164  9:54  Marine  
  169  10:00  Marine  
  169  10:01  Terran Infantry Weapons Level 2  
  169  10:02  Terran Vehicle Weapons Level 1  
  169  10:03  Marine  
  169  10:04  Marauder x2  
  175  10:09  Sensor Tower  
  175  10:10  Marine  
  175  10:13  Marauder  
  175  10:14  Siege Tank  
  181  10:17  Marine  
  181  10:18  SCV x4  
  186  10:23  Refinery x2, Sensor Tower  
  179  10:30  SCV x4  
  179  10:31  Marauder  
  179  10:32  Marauder x2, Marine  
  179  10:34  Marauder  
  191  10:37  Terran Infantry Armor Level 2  
  191  10:45  Supply Depot  
  191  10:46  Siege Tank  
  189  10:59  Marauder x2  
  189  11:00  Marauder x2  
  196  11:06  Medivac, Marine x2  
  200  11:21  Medivac  
  200  11:24  Marine x2, Siege Tank  
  193  11:31  Marauder  
  193  11:32  Marauder x2, Marine  
  184  11:36  Viking  
  184  11:39  SCV x4  
  187  11:42  Marine x2  
  184  11:49  Marine  
  184  11:51  Viking  
  184  11:52  Marine x3  
  186  11:54  Command Center, Starport  
  186  11:56  Starport  
  186  11:59  Marine x2  
  186  12:07  Medivac, Marine  
  175  12:10  Marine x3  
  171  12:16  Cyclone  
  171  12:17  Marine x2  
  171  12:21  Terran Infantry Weapons Level 3, Medivac  
  178  12:25  Marine  
  178  12:28  Marauder  
  178  12:29  Marauder x2  
  185  12:35  Marine x2  
  185  12:36  Starport Tech Lab x2  
  187  12:40  Command Center  
  187  12:41  Missile Turret  
  187  12:48  Terran Ship Weapons Level 1  
  187  12:52  Viking x2  
  187  12:57  Raven x2, Corvid Reactor  
  195  13:10  Starport  
  187  13:37  Medivac x2  
  187  13:40  Raven x2  
  195  13:43  Barracks  
  195  13:45  Barracks  
  195  13:46  Barracks  
  195  13:48  Missile Turret  
  189  14:10  Liberator x2  
  189  14:11  Liberator  
  189  14:16  Planetary Fortress  
  196  14:18  Refinery  
  196  14:19  Command Center, Refinery  
  196  14:22  Raven  
  196  14:23  Raven  
  193  14:35  Marine x2  
  193  14:38  Barracks Reactor x2, Barracks Tech Lab  
  190  14:44  Command Center  
  190  14:53  SCV x5  
  190  14:57  Sensor Tower  
  194  15:05  Raven x2  
  171  15:08  Marauder x5  
  171  15:14  Marine x4  
  150  15:15  Siege Tank  
  150  15:20  Starport Tech Lab  
  154  15:22  Terran Ship Weapons Level 2  
  154  15:26  Marine, Missile Turret  
  154  15:27  Marine  
  156  15:29  Marauder x4, Marine  
  156  15:31  Marine  
  156  15:32  Marine  
  156  15:35  Viking x2  
  171  15:36  Marine  
  172  15:46  Viking  
  172  15:47  Marauder  
  172  15:48  Raven, Viking  
  180  15:50  Planetary Fortress  
  180  15:51  Marauder x2  
  184  16:04  Marauder  
  184  16:05  Marauder  
  184  16:07  Marine x4  
  184  16:08  Marine, Orbital Command  
  184  16:09  Marauder  
  184  16:10  Sensor Tower  
  195  16:12  Marauder x2  
  194  16:19  Raven x2  
  194  16:25  Viking  
  199  16:30  Marauder x2  
  200  16:47  Command Center  
  200  16:50  Fusion Core  
  198  17:02  Raven  
  198  17:07  Marauder  
  198  17:18  Raven x2  
  198  17:19  Marauder  
  199  17:30  Marine  
  199  17:32  Terran Infantry Armor Level 3  
  200  17:39  Terran Ship Weapons Level 3  
  200  17:54  Weapon Refit  
  200  17:56  Starport  
  198  18:00  Planetary Fortress  
  198  18:03  Refinery  
  198  18:22  Starport  
  198  18:23  Starport  
  198  18:25  Refinery, Starport  
  198  18:39  Command Center  
  198  18:40  Command Center  
  198  18:41  Command Center  
  192  19:05  Starport Tech Lab  
  192  19:06  Starport Tech Lab  
  192  19:11  Starport Tech Lab  
  184  19:27  Battlecruiser  
  184  19:28  Battlecruiser x2  
  197  19:36  Battlecruiser  
  189  19:47  Battlecruiser  
  189  19:48  Battlecruiser  
  199  19:55  Orbital Command x2  
  197  20:14  Advanced Ballistics  
  197  20:17  Terran Vehicle And Ship Armor Level 1, Starport Tech Lab  
  197  20:30  Command Center  
  197  20:34  Sensor Tower  
  197  20:48  Battlecruiser  
  198  20:52  Battlecruiser  
  197  21:03  Missile Turret x2  
  197  21:04  Missile Turret x2  
  197  21:05  Siege Tank  
  194  21:35  Battlecruiser  
  200  21:58  Missile Turret  
  200  21:59  Missile Turret  
  197  22:15  Viking  
  193  22:32  Battlecruiser  
  199  22:41  Command Center x2  
  199  22:45  Command Center, Terran Vehicle And Ship Armor Level 2  
  199  22:52  Sensor Tower  
  199  22:56  Missile Turret  
  199  22:57  Missile Turret  
  192  23:13  Command Center  
  192  23:14  Command Center  
  192  23:16  Battlecruiser x2  
  191  23:28  Missile Turret  
  191  23:30  Missile Turret  
  191  23:31  Battlecruiser  
  191  23:33  Missile Turret  
  197  23:35  Sensor Tower  
  195  23:56  Orbital Command  
  170  25:03  Battlecruiser x5  
  188  25:18  Battlecruiser x2  
  158  26:02  Marauder x3, Marine x5  
  158  26:03  Marine  
  172  26:07  Battlecruiser x5  
  200  26:26  Command Center  
  196  27:13  Marauder  
  196  27:14  Marauder x2  
  200  27:21  Command Center  
  196  27:40  Unknown  
  196  27:41  Unknown  
  196  27:48  Missile Turret x3  

Tags
 
Add a new tag
Caveats
  • Supply blocks, unpowered buildings, or Contaminate may cause inaccurate times.
  • Supply counts are checked every 10 seconds.